[ AOE2 MATCH · #471664584 ]
UnrankedByzantines vs Poles
[ REPLAY ANALYSIS · EXTRACTED FROM THE RECORDED GAME ]
Feudal
10:33
Castle
14:31
Imperial
29:31
| APM avg | 43.8 |
| APM peak | 142 |
| eAPM avg | 23.7 |
| Villagers / military | 174 / 524 |
Focus
⚔️ 30.8% · 🌾 69.2%
Spearman ×236 · Camel Scout ×139 · Cataphract ×124 · Trade Cart ×21 · Bombard Cannon ×16 · Scout Cavalry ×5
Feudal
11:23
Castle
15:07
Imperial
31:18
| APM avg | 16.7 |
| APM peak | 34 |
| eAPM avg | 12.7 |
| Villagers / military | 123 / 281 |
Focus
⚔️ 25.6% · 🌾 74.4%
Knight ×251 · Obuch ×25 · Trade Cart ×10 · Trebuchet (Packed) ×5
Feudal
15:44
Castle
23:00
Imperial
48:11
| APM avg | 10.9 |
| APM peak | 32 |
| eAPM avg | 7.3 |
| Villagers / military | 91 / 178 |
Focus
⚔️ 29.4% · 🌾 70.6%
Spearman ×144 · Jaguar Warrior ×26 · Battering Ram ×7 · Militia ×1
Feudal
12:11
Castle
18:11
Imperial
30:09
| APM avg | 54.1 |
| APM peak | 103 |
| eAPM avg | 39.0 |
| Villagers / military | 173 / 348 |
Focus
⚔️ 44.1% · 🌾 55.9%
Spearman ×254 · War Wagon ×91 · Trebuchet (Packed) ×3 · Trade Cart ×2
Feudal
11:08
Castle
15:07
Imperial
36:00
| APM avg | 20.7 |
| APM peak | 65 |
| eAPM avg | 12.1 |
| Villagers / military | 124 / 104 |
Focus
⚔️ 30.6% · 🌾 69.4%
Spearman ×65 · Arambai ×27 · Battle Elephant ×11 · Trade Cart ×6 · Monk ×1
Feudal
11:22
Castle
19:52
Imperial
33:08
| APM avg | 13.2 |
| APM peak | 35 |
| eAPM avg | 10.4 |
| Villagers / military | 133 / 282 |
Focus
⚔️ 26.5% · 🌾 73.5%
Camel Scout ×280 · Trade Cart ×18 · Trebuchet (Packed) ×2
Feudal
11:22
Castle
17:26
Imperial
33:41
| APM avg | 22.0 |
| APM peak | 56 |
| eAPM avg | 17.0 |
| Villagers / military | 167 / 308 |
Focus
⚔️ 31.2% · 🌾 68.8%
Spearman ×143 · Leitis ×112 · Knight ×36 · Bombard Cannon ×12 · Monk ×2 · Trebuchet (Packed) ×2
Feudal
17:05
Castle
25:10
Imperial
—
| APM avg | 8.4 |
| APM peak | 23 |
| eAPM avg | 6.8 |
| Villagers / military | 106 / 222 |
Focus
⚔️ 37.9% · 🌾 62.1%
Archer ×87 · Scorpion ×43 · Shotel Warrior ×37 · Scout Cavalry ×30 · Trade Cart ×26 · Spearman ×25
Match map
Initial resources + every placement click. Lines = walls · curves = elevation contours. ◆ gold · ⬟ stone · ● berries · ✦ relic · ◌ wall gap
Your base· ✓ Closed at 14:31 · 0t walls · 2 gate(s)
sanma's base· ✓ Closed at 15:07 · 0t walls · 2 gate(s)
Goeki's base· ✓ Closed at 23:00 · 0t walls · 3 gate(s)
jean-danie1's base· ✓ Closed at 18:11 · 0t walls · 4 gate(s)
owinso's base· ✓ Closed at 15:07 · 0t walls · 2 gate(s)
Hillary.Clinton's base· ✓ Closed at 19:52 · 0t walls · 2 gate(s)
JustShubYT's base· ✓ Closed at 17:26 · 0t walls · 3 gate(s)
Solinaj's base· ✓ Closed at 25:10 · 19t walls · 3 gate(s)
Smoothed initial terrain · ◌ = detected wall gap · hover for details
Inputs per minute
— lord endarin - - sanma
Build order — lord endarin
First 150 of 576 actions detected
| 0:01 | Create | Villager (Male) |
| 0:01 | Create | Villager (Male) |
| 0:02 | Build | House |
| 0:04 | Build | House |
| 0:15 | Create | Villager (Male) |
| 0:15 | Create | Villager (Male) |
| 1:24 | Create | Villager (Male) |
| 1:57 | Create | Villager (Male) |
| 1:59 | Build | Lumber Camp |
| 2:27 | Create | Villager (Male) |
| 2:27 | Create | Villager (Male) |
| 2:57 | Create | Villager (Male) |
| 2:58 | Create | Villager (Male) |
| 3:47 | Create | Villager (Male) |
| 3:48 | Create | Villager (Male) |
| 3:55 | Build | House |
| 3:59 | Build | House |
| 4:08 | Create | Villager (Male) |
| 4:09 | Create | Villager (Male) |
| 4:37 | Create | Villager (Male) |
| 4:37 | Create | Villager (Male) |
| 4:37 | Create | Villager (Male) |
| 5:02 | Build | Mill |
| 5:10 | Create | Villager (Male) |
| 5:24 | Create | Villager (Male) |
| 5:28 | Create | Villager (Male) |
| 5:28 | Create | Villager (Male) |
| 5:44 | Create | Villager (Male) |
| 5:59 | Create | Villager (Male) |
| 6:21 | Build | Farm |
| 6:22 | Build | Farm |
| 6:25 | Build | Farm |
| 6:36 | Create | Villager (Male) |
| 6:36 | Create | Villager (Male) |
| 6:36 | Create | Villager (Male) |
| 7:44 | Research | Feudal Age |
| 8:16 | Build | Mining Camp |
| 10:10 | Build | House |
| 10:33 | Age | Feudal Age |
| 10:34 | Create | Villager (Male) |
| 10:34 | Create | Villager (Male) |
| 10:42 | Build | Market |
| 10:48 | Build | Blacksmith |
| 11:21 | Create | Villager (Male) |
| 11:35 | Research | Double-Bit Axe |
| 11:51 | Research | Castle Age |
| 12:04 | Research | Horse Collar |
| 12:29 | Build | Farm |
| 12:30 | Build | Farm |
| 12:32 | Build | Farm |
| 13:34 | Build | House |
| 13:40 | Create | Villager (Male) |
| 13:40 | Create | Villager (Male) |
| 14:31 | Age | Castle Age |
| 14:33 | Build | Town Center |
| 14:40 | Build | Town Center |
| 14:47 | Research | Bow Saw |
| 14:59 | Create | Villager (Male) |
| 15:23 | Create | Villager (Male) |
| 15:26 | Build | Farm |
| 15:45 | Build | Farm |
| 15:46 | Create | Villager (Male) |
| 15:46 | Create | Villager (Male) |
| 15:52 | Create | Villager (Male) |
| 15:52 | Create | Villager (Male) |
| 16:04 | Build | Farm |
| 16:13 | Create | Villager (Male) |
| 16:13 | Create | Villager (Male) |
| 16:20 | Build | Farm |
| 16:22 | Create | Villager (Male) |
| 16:33 | Build | House |
| 16:35 | Build | House |
| 16:37 | Create | Villager (Male) |
| 16:37 | Create | Villager (Male) |
| 16:42 | Build | Farm |
| 16:43 | Create | Villager (Male) |
| 16:43 | Create | Villager (Male) |
| 16:47 | Build | Farm |
| 16:52 | Build | Farm |
| 16:59 | Create | Villager (Male) |
| 17:04 | Build | Farm |
| 17:07 | Create | Villager (Male) |
| 17:09 | Build | Farm |
| 17:11 | Create | Villager (Male) |
| 17:29 | Create | Villager (Male) |
| 17:29 | Create | Villager (Male) |
| 17:29 | Create | Villager (Male) |
| 17:33 | Build | Farm |
| 17:35 | Build | Farm |
| 17:37 | Build | Farm |
| 17:39 | Build | Farm |
| 17:41 | Build | House |
| 17:42 | Build | House |
| 17:47 | Build | Farm |
| 17:48 | Create | Villager (Male) |
| 17:48 | Create | Villager (Male) |
| 17:51 | Build | Farm |
| 17:53 | Create | Villager (Male) |
| 17:58 | Build | Farm |
| 17:59 | Build | Farm |
| 18:08 | Create | Villager (Male) |
| 18:08 | Create | Villager (Male) |
| 18:08 | Create | Villager (Male) |
| 18:08 | Create | Villager (Male) |
| 18:11 | Build | Farm |
| 18:12 | Build | House |
| 18:13 | Build | House |
| 18:13 | Build | House |
| 18:15 | Create | Villager (Male) |
| 18:18 | Build | Farm |
| 18:31 | Build | Farm |
| 18:33 | Create | Villager (Male) |
| 18:33 | Create | Villager (Male) |
| 18:33 | Create | Villager (Male) |
| 18:37 | Build | Farm |
| 18:46 | Create | Villager (Male) |
| 18:46 | Create | Villager (Male) |
| 18:50 | Build | Farm |
| 18:50 | Build | Farm |
| 18:53 | Build | Farm |
| 18:55 | Create | Villager (Male) |
| 18:55 | Create | Villager (Male) |
| 19:16 | Research | Wheelbarrow |
| 19:16 | Research | Wheelbarrow |
| 19:17 | Create | Villager (Male) |
| 19:17 | Create | Villager (Male) |
| 19:24 | Build | Farm |
| 19:25 | Build | Farm |
| 19:26 | Build | Farm |
| 19:28 | Build | Farm |
| 19:30 | Create | Villager (Male) |
| 19:30 | Create | Villager (Male) |
| 19:43 | Build | Farm |
| 19:44 | Build | Farm |
| 19:48 | Build | House |
| 19:49 | Build | House |
| 19:50 | Build | House |
| 19:51 | Create | Villager (Male) |
| 19:52 | Create | Villager (Male) |
| 19:59 | Build | Farm |
| 20:08 | Build | Farm |
| 20:10 | Create | Villager (Male) |
| 20:10 | Create | Villager (Male) |
| 20:14 | Build | Farm |
| 20:16 | Build | Farm |
| 20:20 | Build | Farm |
| 20:21 | Create | Villager (Male) |
| 20:21 | Create | Villager (Male) |
| 20:21 | Create | Villager (Male) |
| 20:34 | Research | Heavy Plow |
Build order — sanma
First 150 of 366 actions detected
| 0:01 | Create | Villager (Male) ×4 |
| 0:03 | Build | House |
| 0:05 | Build | House |
| 1:27 | Create | Villager (Male) |
| 1:48 | Build | Lumber Camp |
| 1:54 | Create | Villager (Male) |
| 2:16 | Create | Villager (Male) |
| 2:42 | Create | Villager (Male) |
| 3:03 | Build | House |
| 3:04 | Build | House |
| 3:13 | Create | Villager (Male) |
| 3:48 | Create | Villager (Male) |
| 4:12 | Create | Villager (Male) |
| 4:22 | Create | Villager (Male) |
| 4:52 | Create | Villager (Male) |
| 5:22 | Build | Mill |
| 5:25 | Create | Villager (Male) |
| 5:44 | Create | Villager (Male) |
| 6:05 | Create | Villager (Male) |
| 6:06 | Create | Villager (Male) |
| 6:40 | Create | Villager (Male) |
| 7:05 | Build | Lumber Camp |
| 7:11 | Create | Villager (Male) |
| 7:40 | Create | Villager (Male) |
| 7:40 | Create | Villager (Male) |
| 8:16 | Research | Loom |
| 8:30 | Build | Mining Camp |
| 8:46 | Research | Feudal Age |
| 8:46 | Research | Feudal Age |
| 11:23 | Age | Feudal Age |
| 11:24 | Build | Blacksmith |
| 11:28 | Build | Market |
| 11:45 | Build | Farm |
| 11:46 | Research | Horse Collar |
| 12:27 | Research | Castle Age |
| 12:27 | Research | Castle Age |
| 12:30 | Research | Double-Bit Axe |
| 12:42 | Build | Farm |
| 12:43 | Build | Farm |
| 13:30 | Build | Farm |
| 13:56 | Build | Farm |
| 13:58 | Build | Farm |
| 13:59 | Build | Farm |
| 14:04 | Build | Farm |
| 14:07 | Create | Villager (Male) |
| 14:07 | Create | Villager (Male) |
| 15:07 | Age | Castle Age |
| 15:19 | Build | Town Center |
| 15:24 | Create | Villager (Male) |
| 15:24 | Create | Villager (Male) |
| 15:58 | Create | Villager (Male) |
| 15:58 | Create | Villager (Male) |
| 16:08 | Build | House |
| 16:09 | Build | House |
| 16:14 | Build | House |
| 16:27 | Create | Villager (Male) |
| 16:28 | Create | Villager (Male) |
| 16:35 | Research | Bow Saw |
| 16:47 | Build | House |
| 17:37 | Create | Villager (Male) |
| 17:37 | Create | Villager (Male) |
| 17:38 | Create | Villager (Male) |
| 17:38 | Create | Villager (Male) |
| 17:44 | Build | Town Center |
| 17:53 | Build | House |
| 17:54 | Build | House |
| 17:55 | Build | House |
| 17:59 | Research | Wheelbarrow |
| 18:19 | Create | Villager (Male) |
| 18:39 | Build | Mill |
| 18:47 | Create | Villager (Male) |
| 18:51 | Create | Villager (Male) |
| 18:52 | Create | Villager (Male) |
| 18:54 | Create | Villager (Male) |
| 19:20 | Build | Mill |
| 19:32 | Create | Villager (Male) |
| 19:32 | Create | Villager (Male) |
| 19:41 | Create | Villager (Male) |
| 20:04 | Build | Farm |
| 20:06 | Build | Farm |
| 20:07 | Build | Farm |
| 20:10 | Build | Farm |
| 20:10 | Build | Farm |
| 20:12 | Build | Farm |
| 20:19 | Build | Farm |
| 20:21 | Build | Farm |
| 20:23 | Create | Villager (Male) |
| 20:24 | Create | Villager (Male) |
| 20:24 | Create | Villager (Male) |
| 20:30 | Build | Farm |
| 20:40 | Build | Mill |
| 20:43 | Create | Villager (Male) |
| 20:44 | Create | Villager (Male) |
| 20:54 | Build | Mining Camp |
| 21:03 | Build | Farm |
| 21:04 | Build | Farm |
| 21:06 | Build | Farm |
| 21:08 | Build | Farm |
| 21:09 | Build | Farm |
| 21:11 | Build | Farm |
| 21:18 | Build | Farm |
| 21:19 | Build | Farm |
| 21:22 | Create | Villager (Male) |
| 21:22 | Create | Villager (Male) |
| 21:23 | Create | Villager (Male) |
| 21:23 | Create | Villager (Male) |
| 21:24 | Create | Villager (Male) |
| 21:24 | Create | Villager (Male) |
| 21:38 | Research | Stone Mining |
| 22:31 | Create | Villager (Male) |
| 22:31 | Create | Villager (Male) |
| 22:31 | Create | Villager (Male) |
| 22:32 | Create | Villager (Male) |
| 22:32 | Create | Villager (Male) |
| 22:33 | Create | Villager (Male) |
| 22:36 | Build | Farm |
| 22:37 | Research | Heavy Plow |
| 23:03 | Build | Mill |
| 23:11 | Create | Villager (Male) |
| 23:11 | Create | Villager (Male) |
| 23:11 | Create | Villager (Male) |
| 23:12 | Create | Villager (Male) |
| 23:12 | Create | Villager (Male) |
| 23:13 | Create | Villager (Male) |
| 23:29 | Build | Farm |
| 23:30 | Build | Farm |
| 23:31 | Build | Farm |
| 23:32 | Build | Farm |
| 23:34 | Build | Farm |
| 23:35 | Build | Farm |
| 23:36 | Build | Farm |
| 23:38 | Build | Farm |
| 23:59 | Create | Villager (Male) |
| 23:59 | Create | Villager (Male) |
| 24:00 | Create | Villager (Male) |
| 24:00 | Create | Villager (Male) |
| 24:01 | Create | Villager (Male) |
| 24:01 | Create | Villager (Male) |
| 24:10 | Build | Mining Camp |
| 24:18 | Research | Hand Cart |
| 24:26 | Build | Town Center |
| 25:00 | Build | Farm |
| 25:15 | Build | Barracks |
| 25:22 | Research | Stone Shaft Mining |
| 25:25 | Create | Villager (Male) |
| 25:25 | Create | Villager (Male) |
| 25:25 | Create | Villager (Male) |
| 25:26 | Create | Villager (Male) |
| 25:26 | Create | Villager (Male) |
| 25:27 | Create | Villager (Male) |
Build order — Goeki
First 150 of 223 actions detected
| 0:11 | Build | House |
| 0:12 | Build | House |
| 0:13 | Build | House |
| 0:14 | Build | House |
| 0:20 | Research | Loom |
| 0:21 | Create | Villager (Male) ×4 |
| 0:59 | Build | Mill |
| 2:27 | Create | Villager (Male) |
| 3:06 | Create | Villager (Male) ×2 |
| 3:06 | Create | Villager (Male) ×2 |
| 3:51 | Create | Villager (Male) ×2 |
| 4:49 | Create | Villager (Male) ×2 |
| 5:18 | Create | Villager (Male) ×3 |
| 5:18 | Create | Villager (Male) ×3 |
| 6:02 | Create | Villager (Male) |
| 6:02 | Create | Villager (Male) |
| 6:03 | Create | Villager (Male) |
| 6:03 | Create | Villager (Male) |
| 6:36 | Create | Villager (Male) ×2 |
| 6:36 | Create | Villager (Male) ×2 |
| 6:55 | Create | Villager (Male) |
| 7:10 | Create | Villager (Male) |
| 7:11 | Create | Villager (Male) |
| 7:20 | Create | Villager (Male) |
| 7:21 | Create | Villager (Male) |
| 8:03 | Build | House |
| 8:10 | Create | Villager (Male) ×5 |
| 8:50 | Create | Villager (Male) ×2 |
| 8:57 | Build | House |
| 8:58 | Build | House |
| 9:00 | Build | House |
| 9:41 | Create | Villager (Male) |
| 10:08 | Create | Villager (Male) |
| 10:56 | Build | Lumber Camp |
| 11:33 | Build | House |
| 12:10 | Research | Feudal Age |
| 12:21 | Build | Mining Camp |
| 12:31 | Build | Mining Camp |
| 12:56 | Build | Barracks |
| 12:58 | Build | Barracks |
| 14:21 | Build | Barracks |
| 14:23 | Build | Barracks |
| 14:32 | Create | Militia |
| 14:56 | Build | Farm |
| 14:58 | Build | Farm |
| 15:09 | Build | Farm |
| 15:17 | Build | Farm |
| 15:23 | Build | Farm |
| 15:44 | Age | Feudal Age |
| 15:49 | Build | Market |
| 16:08 | Build | Blacksmith |
| 16:32 | Build | House |
| 16:34 | Build | House |
| 16:35 | Build | House |
| 16:36 | Build | House |
| 16:38 | Build | House |
| 16:42 | Build | House |
| 16:43 | Build | House |
| 16:44 | Build | House |
| 16:47 | Build | House |
| 17:10 | Create | Spearman ×5 |
| 17:32 | Create | Villager (Male) ×5 |
| 17:39 | Build | Farm |
| 17:40 | Build | Farm |
| 17:42 | Build | Farm |
| 17:43 | Build | Farm |
| 17:49 | Build | Farm |
| 17:50 | Build | Farm |
| 17:51 | Build | Farm |
| 18:11 | Build | Farm |
| 18:29 | Build | Farm |
| 18:57 | Create | Spearman ×5 |
| 19:08 | Build | Farm |
| 19:17 | Build | Farm |
| 19:31 | Build | Farm |
| 19:53 | Build | Farm |
| 20:20 | Research | Castle Age |
| 20:53 | Research | Horse Collar |
| 20:57 | Research | Wheelbarrow |
| 20:58 | Research | Town Watch |
| 21:02 | Research | Stone Mining |
| 21:21 | Build | House |
| 21:25 | Build | House |
| 21:28 | Build | House |
| 21:31 | Build | House |
| 21:34 | Build | House |
| 21:38 | Build | House |
| 21:59 | Research | Forging |
| 22:02 | Research | Fletching |
| 22:22 | Research | Double-Bit Axe |
| 22:36 | Research | Gold Mining |
| 23:00 | Age | Castle Age |
| 23:12 | Build | Town Center |
| 23:16 | Research | Bow Saw |
| 24:01 | Build | Castle |
| 24:09 | Research | Pikeman (upgrade) |
| 24:09 | Research | Squires |
| 24:36 | Create | Villager (Male) ×2 |
| 24:43 | Create | Villager (Male) |
| 25:05 | Research | Arson |
| 25:25 | Build | Barracks |
| 25:28 | Build | Barracks |
| 25:30 | Build | Barracks |
| 25:32 | Build | Barracks |
| 25:33 | Build | Barracks |
| 25:52 | Build | Mining Camp |
| 26:02 | Create | Villager (Male) ×5 |
| 26:21 | Create | Villager (Male) ×4 |
| 26:46 | Build | University |
| 26:52 | Build | Monastery |
| 26:57 | Create | Villager (Male) |
| 26:57 | Create | Villager (Male) |
| 27:05 | Create | Villager (Male) ×2 |
| 27:10 | Create | Villager (Male) |
| 27:54 | Build | Siege Workshop |
| 27:55 | Build | Siege Workshop |
| 28:09 | Create | Spearman ×5 |
| 28:09 | Create | Spearman ×2 |
| 28:35 | Build | Siege Workshop |
| 28:54 | Create | Spearman ×5 |
| 29:36 | Create | Villager (Male) ×5 |
| 29:40 | Create | Villager (Male) |
| 30:10 | Create | Spearman ×4 |
| 30:44 | Create | Villager (Male) ×4 |
| 30:58 | Research | Ballistics |
| 30:59 | Research | Treadmill Crane |
| 31:19 | Build | Farm |
| 31:27 | Create | Villager (Male) ×3 |
| 31:37 | Build | Town Center |
| 31:53 | Create | Battering Ram ×3 |
| 32:13 | Research | Gambesons |
| 32:15 | Create | Spearman ×5 |
| 32:15 | Create | Spearman |
| 32:51 | Create | Battering Ram ×2 |
| 33:17 | Create | Spearman ×5 |
| 33:17 | Create | Spearman ×4 |
| 33:27 | Create | Battering Ram |
| 34:00 | Build | Farm |
| 34:01 | Build | Farm |
| 34:02 | Build | Farm |
| 34:03 | Build | Farm |
| 34:18 | Create | Villager (Male) ×5 |
| 34:35 | Create | Battering Ram |
| 34:41 | Create | Spearman ×5 |
| 34:42 | Create | Spearman |
| 35:02 | Build | Farm |
| 35:03 | Build | Farm |
| 35:05 | Build | Farm |
| 35:07 | Build | Farm |
| 35:09 | Build | Farm |
Build order — jean-danie1
First 150 of 740 actions detected
| 0:05 | Create | Villager (Male) |
| 0:05 | Create | Villager (Male) |
| 0:05 | Create | Villager (Male) |
| 0:05 | Create | Villager (Male) |
| 0:05 | Create | Villager (Male) |
| 0:06 | Create | Villager (Male) |
| 0:10 | Build | House |
| 0:12 | Build | House |
| 1:26 | Create | Villager (Male) |
| 1:26 | Create | Villager (Male) |
| 1:29 | Research | Loom |
| 2:04 | Create | Villager (Male) |
| 2:04 | Create | Villager (Male) |
| 2:04 | Create | Villager (Male) |
| 2:33 | Create | Villager (Male) |
| 2:33 | Create | Villager (Male) |
| 2:52 | Create | Villager (Male) |
| 2:52 | Create | Villager (Male) |
| 2:52 | Create | Villager (Male) |
| 3:24 | Create | Villager (Male) |
| 3:24 | Create | Villager (Male) |
| 3:31 | Build | Lumber Camp |
| 3:40 | Create | Villager (Male) |
| 3:40 | Create | Villager (Male) |
| 3:40 | Create | Villager (Male) |
| 3:53 | Build | House |
| 4:13 | Create | Villager (Male) |
| 4:13 | Create | Villager (Male) |
| 4:13 | Create | Villager (Male) |
| 4:20 | Build | Mill |
| 4:36 | Build | House |
| 4:50 | Create | Villager (Male) |
| 4:50 | Create | Villager (Male) |
| 5:10 | Create | Villager (Male) |
| 5:10 | Create | Villager (Male) |
| 5:10 | Create | Villager (Male) |
| 5:35 | Create | Villager (Male) |
| 5:36 | Create | Villager (Male) |
| 5:36 | Create | Villager (Male) |
| 5:36 | Create | Villager (Male) |
| 5:47 | Build | Lumber Camp |
| 6:15 | Create | Villager (Male) |
| 6:15 | Create | Villager (Male) |
| 6:15 | Create | Villager (Male) |
| 6:37 | Create | Villager (Male) |
| 6:37 | Create | Villager (Male) |
| 6:37 | Create | Villager (Male) |
| 6:37 | Create | Villager (Male) |
| 6:53 | Build | Mining Camp |
| 7:22 | Create | Villager (Male) |
| 7:22 | Create | Villager (Male) |
| 7:44 | Create | Villager (Male) |
| 7:45 | Create | Villager (Male) |
| 7:52 | Create | Villager (Male) |
| 7:52 | Create | Villager (Male) |
| 7:52 | Create | Villager (Male) |
| 8:15 | Create | Villager (Male) |
| 8:15 | Create | Villager (Male) |
| 9:10 | Build | House |
| 9:11 | Build | House |
| 9:20 | Create | Villager (Male) |
| 10:01 | Research | Feudal Age |
| 10:01 | Research | Feudal Age |
| 10:08 | Build | Barracks |
| 10:10 | Build | House |
| 10:32 | Build | Farm |
| 10:34 | Build | Farm |
| 10:38 | Build | Farm |
| 10:40 | Build | Farm |
| 10:42 | Build | Farm |
| 10:43 | Create | Villager (Male) |
| 10:43 | Create | Villager (Male) |
| 11:39 | Build | Farm |
| 11:42 | Build | Farm |
| 11:43 | Build | Farm |
| 11:46 | Build | Farm |
| 11:48 | Build | Farm |
| 11:49 | Create | Villager (Male) |
| 11:49 | Create | Villager (Male) |
| 12:11 | Age | Feudal Age |
| 12:16 | Research | Double-Bit Axe |
| 12:16 | Research | Double-Bit Axe |
| 12:21 | Build | Farm |
| 12:44 | Build | Gate |
| 12:57 | Build | Market |
| 13:06 | Build | Farm |
| 13:07 | Create | Villager (Male) |
| 13:28 | Build | Farm |
| 13:48 | Research | Wheelbarrow |
| 14:21 | Build | Mining Camp |
| 14:38 | Build | Blacksmith |
| 15:21 | Research | Castle Age |
| 15:21 | Research | Castle Age |
| 15:49 | Create | Spearman |
| 15:50 | Create | Spearman |
| 15:53 | Create | Spearman |
| 16:07 | Research | Scale Mail Armor |
| 16:07 | Research | Scale Mail Armor |
| 16:15 | Create | Spearman |
| 16:19 | Create | Spearman |
| 16:27 | Research | Forging |
| 16:27 | Research | Forging |
| 16:28 | Research | Forging |
| 16:36 | Research | Horse Collar |
| 16:36 | Research | Horse Collar |
| 16:53 | Create | Spearman |
| 17:01 | Build | House |
| 17:02 | Build | House |
| 18:01 | Create | Villager (Male) |
| 18:02 | Create | Villager (Male) |
| 18:06 | Create | Villager (Male) |
| 18:11 | Age | Castle Age |
| 18:35 | Create | Villager (Male) |
| 18:35 | Create | Villager (Male) |
| 18:36 | Create | Villager (Male) |
| 18:56 | Build | Castle |
| 19:01 | Create | Villager (Male) |
| 19:14 | Research | Bow Saw |
| 19:15 | Research | Bow Saw |
| 19:15 | Create | Villager (Male) |
| 19:16 | Create | Villager (Male) |
| 19:24 | Create | Villager (Male) |
| 19:24 | Create | Villager (Male) |
| 19:48 | Create | Villager (Male) |
| 19:50 | Build | Farm |
| 19:52 | Build | Farm |
| 19:54 | Build | Farm |
| 19:56 | Build | Farm |
| 19:56 | Build | Farm |
| 19:57 | Create | Villager (Male) |
| 20:17 | Research | Fletching |
| 20:19 | Build | Farm |
| 20:19 | Build | Farm |
| 20:22 | Create | Villager (Male) |
| 20:26 | Build | Farm |
| 20:26 | Build | Farm |
| 20:49 | Research | Bodkin Arrow |
| 20:50 | Research | Bodkin Arrow |
| 20:55 | Create | Villager (Male) |
| 20:55 | Create | Villager (Male) |
| 20:55 | Create | Villager (Male) |
| 20:56 | Create | Villager (Male) |
| 20:57 | Create | Villager (Male) |
| 21:03 | Build | House |
| 21:04 | Build | House |
| 21:09 | Build | Gate |
| 21:10 | Build | House |
| 21:15 | Create | Villager (Male) |
| 21:38 | Create | Villager (Male) |
| 21:45 | Build | Stable |
Build order — owinso
First 150 of 292 actions detected
| 0:03 | Create | Villager (Male) |
| 0:04 | Create | Villager (Male) |
| 0:05 | Build | House |
| 0:06 | Build | House |
| 0:08 | Create | Villager (Male) |
| 0:08 | Create | Villager (Male) |
| 1:36 | Create | Villager (Male) |
| 1:36 | Create | Villager (Male) |
| 1:51 | Create | Villager (Male) |
| 2:24 | Create | Villager (Male) |
| 2:32 | Create | Villager (Male) |
| 3:14 | Create | Villager (Male) |
| 3:30 | Create | Villager (Male) |
| 3:56 | Create | Villager (Male) |
| 3:57 | Create | Villager (Male) |
| 3:57 | Create | Villager (Male) |
| 4:26 | Create | Villager (Male) |
| 4:44 | Build | House |
| 4:48 | Research | Loom |
| 4:50 | Create | Villager (Male) |
| 4:51 | Create | Villager (Male) |
| 4:51 | Create | Villager (Male) |
| 4:51 | Create | Villager (Male) |
| 5:16 | Create | Villager (Male) |
| 5:16 | Create | Villager (Male) |
| 5:16 | Create | Villager (Male) |
| 5:22 | Create | Villager (Male) |
| 5:47 | Create | Villager (Male) |
| 5:48 | Create | Villager (Male) |
| 6:14 | Build | House |
| 6:25 | Create | Villager (Male) |
| 7:06 | Create | Villager (Male) |
| 7:13 | Build | Lumber Camp |
| 7:14 | Create | Villager (Male) |
| 7:15 | Create | Villager (Male) |
| 7:19 | Create | Villager (Male) |
| 7:37 | Build | Mill |
| 8:49 | Research | Feudal Age |
| 9:05 | Build | Mining Camp |
| 10:32 | Build | House |
| 10:33 | Build | House |
| 11:08 | Age | Feudal Age |
| 11:10 | Build | Market |
| 11:12 | Research | Wheelbarrow |
| 11:20 | Build | Blacksmith |
| 12:15 | Research | Castle Age |
| 12:30 | Build | Mining Camp |
| 13:35 | Research | Horse Collar |
| 13:35 | Research | Horse Collar |
| 15:07 | Create | Villager (Male) |
| 15:07 | Create | Villager (Male) |
| 15:07 | Age | Castle Age |
| 15:28 | Build | Monastery |
| 15:54 | Create | Villager (Male) |
| 16:14 | Create | Monk |
| 16:44 | Build | Castle |
| 16:51 | Build | House |
| 17:00 | Create | Villager (Male) |
| 17:00 | Create | Villager (Male) |
| 17:12 | Create | Villager (Male) |
| 17:12 | Create | Villager (Male) |
| 18:12 | Create | Villager (Male) |
| 18:13 | Create | Villager (Male) |
| 18:20 | Build | Farm |
| 18:21 | Build | Farm |
| 18:23 | Build | Farm |
| 18:24 | Build | Farm |
| 18:26 | Build | Farm |
| 18:28 | Build | Farm |
| 18:40 | Create | Arambai |
| 18:40 | Create | Arambai |
| 18:40 | Create | Arambai |
| 19:08 | Build | Farm |
| 19:09 | Build | Farm |
| 19:10 | Build | Farm |
| 19:18 | Create | Villager (Male) |
| 19:58 | Build | Farm |
| 20:00 | Create | Villager (Male) |
| 20:00 | Create | Villager (Male) |
| 20:12 | Build | Town Center |
| 20:17 | Create | Villager (Male) |
| 20:30 | Create | Arambai |
| 20:30 | Create | Arambai |
| 20:31 | Create | Arambai |
| 20:49 | Create | Villager (Male) |
| 21:06 | Create | Arambai |
| 21:06 | Create | Arambai |
| 21:08 | Create | Villager (Male) |
| 21:12 | Create | Villager (Male) |
| 21:13 | Create | Villager (Male) |
| 21:19 | Build | Farm |
| 21:23 | Create | Villager (Male) ×4 |
| 21:26 | Create | Villager (Male) |
| 21:55 | Build | Mill |
| 21:57 | Create | Villager (Male) ×2 |
| 22:04 | Create | Villager (Male) |
| 22:12 | Research | Fletching |
| 22:18 | Research | Padded Archer Armor |
| 22:18 | Research | Padded Archer Armor |
| 22:33 | Build | Farm |
| 22:39 | Create | Villager (Male) |
| 22:40 | Create | Villager (Male) |
| 22:40 | Create | Villager (Male) |
| 23:22 | Build | Town Center |
| 23:30 | Create | Villager (Male) |
| 23:31 | Create | Villager (Male) ×4 |
| 23:39 | Create | Arambai |
| 23:40 | Create | Arambai |
| 23:40 | Create | Arambai |
| 23:40 | Create | Arambai |
| 23:42 | Create | Villager (Male) |
| 24:34 | Research | Bodkin Arrow |
| 24:43 | Build | University |
| 24:47 | Create | Villager (Male) ×2 |
| 25:04 | Create | Villager (Male) |
| 25:05 | Create | Villager (Male) |
| 25:15 | Build | Town Center |
| 25:26 | Build | Farm |
| 25:29 | Create | Villager (Male) ×2 |
| 25:33 | Create | Arambai ×3 |
| 25:41 | Build | Farm |
| 25:43 | Research | Gold Mining |
| 26:05 | Research | Town Watch |
| 26:08 | Create | Arambai |
| 26:09 | Create | Arambai |
| 26:14 | Create | Villager (Male) |
| 26:19 | Create | Arambai |
| 26:19 | Create | Arambai |
| 26:19 | Create | Arambai |
| 26:19 | Create | Arambai |
| 26:20 | Create | Arambai |
| 26:30 | Build | Farm |
| 26:33 | Build | Farm |
| 26:37 | Create | Villager (Male) ×2 |
| 26:53 | Build | House |
| 26:54 | Build | House |
| 26:54 | Build | House |
| 26:55 | Build | House |
| 27:00 | Research | Heavy Plow |
| 27:19 | Build | Farm |
| 27:23 | Create | Villager (Male) ×5 |
| 27:42 | Build | Lumber Camp |
| 27:49 | Create | Villager (Male) ×3 |
| 27:52 | Create | Arambai ×2 |
| 27:57 | Build | Farm |
| 28:01 | Build | Farm |
| 28:02 | Build | Farm |
| 28:06 | Create | Villager (Male) ×2 |
| 28:43 | Build | Town Center |
| 28:44 | Create | Villager (Male) ×5 |
Build order — Hillary.Clinton
First 150 of 346 actions detected
| 0:01 | Create | Villager (Male) |
| 0:01 | Create | Villager (Male) |
| 0:01 | Create | Villager (Male) |
| 0:02 | Create | Villager (Male) |
| 0:02 | Create | Villager (Male) |
| 0:06 | Build | House |
| 0:38 | Build | House |
| 1:04 | Build | House |
| 1:23 | Create | Villager (Male) |
| 1:23 | Create | Villager (Male) |
| 1:34 | Build | Lumber Camp |
| 1:59 | Create | Villager (Male) |
| 2:36 | Create | Villager (Male) |
| 2:55 | Create | Villager (Male) |
| 3:05 | Create | Villager (Male) |
| 3:47 | Create | Villager (Male) |
| 4:05 | Create | Villager (Male) |
| 4:05 | Create | Villager (Male) |
| 4:32 | Create | Villager (Male) |
| 4:33 | Create | Villager (Male) |
| 4:55 | Create | Villager (Male) |
| 4:55 | Create | Villager (Male) |
| 5:04 | Create | Villager (Male) |
| 5:04 | Create | Villager (Male) |
| 5:20 | Build | Mill |
| 5:40 | Create | Villager (Male) |
| 5:40 | Create | Villager (Male) |
| 5:40 | Create | Villager (Male) |
| 6:07 | Create | Villager (Male) |
| 6:23 | Build | House |
| 6:49 | Build | House |
| 7:31 | Create | Villager (Male) |
| 7:32 | Create | Villager (Male) |
| 7:32 | Create | Villager (Male) |
| 7:32 | Create | Villager (Male) |
| 7:33 | Create | Villager (Male) |
| 7:33 | Create | Villager (Male) |
| 7:33 | Create | Villager (Male) |
| 8:11 | Build | Mill |
| 8:14 | Build | House |
| 8:15 | Build | House |
| 8:18 | Build | House |
| 8:20 | Build | House |
| 9:08 | Research | Feudal Age |
| 10:31 | Create | Villager (Male) |
| 11:22 | Age | Feudal Age |
| 11:22 | Research | Double-Bit Axe |
| 11:32 | Build | Market |
| 11:37 | Build | Blacksmith |
| 11:41 | Research | Wheelbarrow |
| 11:44 | Research | Horse Collar |
| 11:56 | Create | Villager (Male) |
| 11:59 | Create | Villager (Male) |
| 11:59 | Create | Villager (Male) |
| 12:05 | Build | Farm |
| 12:06 | Build | Farm |
| 12:08 | Build | Farm |
| 12:10 | Build | Farm |
| 12:12 | Build | Farm |
| 12:24 | Create | Villager (Male) |
| 13:34 | Build | Farm |
| 13:49 | Create | Villager (Male) |
| 13:49 | Create | Villager (Male) |
| 13:52 | Build | Farm |
| 13:55 | Build | Farm |
| 14:08 | Build | Farm |
| 14:16 | Create | Villager (Male) |
| 14:17 | Create | Villager (Male) |
| 14:19 | Build | Farm |
| 14:29 | Build | Farm |
| 14:31 | Build | Farm |
| 14:39 | Build | Farm |
| 14:57 | Create | Villager (Male) |
| 15:10 | Build | Farm |
| 15:16 | Build | Farm |
| 15:34 | Build | Farm |
| 15:47 | Build | Mining Camp |
| 16:02 | Build | Farm |
| 16:23 | Create | Villager (Male) |
| 16:26 | Build | Farm |
| 16:51 | Build | Farm |
| 17:03 | Research | Castle Age |
| 17:21 | Build | Farm |
| 17:48 | Create | Villager (Male) |
| 18:49 | Build | Farm |
| 18:50 | Build | Farm |
| 18:51 | Build | Farm |
| 19:52 | Age | Castle Age |
| 19:52 | Research | Bow Saw |
| 19:58 | Research | Hand Cart |
| 20:07 | Build | Town Center |
| 20:18 | Research | Heavy Plow |
| 20:34 | Create | Trade Cart |
| 20:35 | Create | Trade Cart |
| 20:35 | Create | Trade Cart |
| 21:00 | Create | Villager (Male) |
| 21:01 | Create | Villager (Male) |
| 21:01 | Create | Villager (Male) |
| 21:11 | Create | Villager (Male) |
| 21:11 | Create | Villager (Male) |
| 21:11 | Create | Villager (Male) |
| 21:11 | Create | Villager (Male) |
| 21:12 | Create | Villager (Male) |
| 21:12 | Create | Villager (Male) |
| 21:14 | Create | Villager (Male) |
| 21:14 | Create | Villager (Male) |
| 21:14 | Create | Villager (Male) |
| 21:26 | Create | Villager (Male) |
| 21:26 | Create | Villager (Male) |
| 21:27 | Create | Villager (Male) |
| 21:27 | Create | Villager (Male) |
| 21:35 | Create | Trade Cart |
| 21:38 | Create | Villager (Male) |
| 21:39 | Create | Villager (Male) |
| 21:39 | Create | Villager (Male) |
| 21:39 | Create | Villager (Male) |
| 21:39 | Create | Villager (Male) |
| 21:40 | Create | Villager (Male) |
| 21:40 | Create | Villager (Male) |
| 21:41 | Create | Villager (Male) |
| 21:41 | Create | Villager (Male) |
| 21:41 | Create | Villager (Male) |
| 21:41 | Create | Villager (Male) |
| 21:42 | Create | Villager (Male) |
| 21:42 | Create | Villager (Male) |
| 21:43 | Create | Villager (Male) |
| 21:43 | Create | Villager (Male) |
| 22:22 | Build | Mining Camp |
| 22:28 | Create | Villager (Male) |
| 22:28 | Create | Villager (Male) |
| 22:28 | Create | Villager (Male) |
| 22:29 | Create | Villager (Male) |
| 22:29 | Create | Villager (Male) |
| 22:36 | Create | Trade Cart |
| 22:38 | Create | Trade Cart |
| 23:05 | Create | Villager (Male) |
| 23:06 | Create | Villager (Male) |
| 23:06 | Create | Villager (Male) |
| 23:16 | Create | Villager (Male) |
| 23:17 | Create | Villager (Male) |
| 23:18 | Create | Villager (Male) |
| 23:18 | Create | Villager (Male) |
| 23:45 | Create | Villager (Male) |
| 23:45 | Create | Villager (Male) |
| 23:46 | Create | Villager (Male) |
| 24:17 | Build | Town Center |
| 24:33 | Build | House |
| 24:35 | Build | House |
| 24:36 | Build | House |
| 24:44 | Create | Villager (Male) |
Build order — JustShubYT
First 150 of 566 actions detected
| 0:01 | Create | Villager (Male) |
| 0:02 | Create | Villager (Male) |
| 0:03 | Build | House |
| 0:06 | Build | House |
| 0:37 | Create | Villager (Male) |
| 0:59 | Create | Villager (Male) |
| 1:00 | Create | Villager (Male) |
| 1:21 | Create | Villager (Male) |
| 1:29 | Create | Villager (Male) |
| 2:06 | Create | Villager (Male) |
| 2:11 | Build | House |
| 2:18 | Build | Lumber Camp |
| 2:40 | Create | Villager (Male) |
| 2:41 | Create | Villager (Male) |
| 3:17 | Create | Villager (Male) |
| 3:43 | Create | Villager (Male) |
| 3:59 | Create | Villager (Male) |
| 4:16 | Build | House |
| 4:31 | Create | Villager (Male) |
| 4:46 | Create | Villager (Male) |
| 5:07 | Build | Mill |
| 5:10 | Create | Villager (Male) |
| 5:39 | Create | Villager (Male) |
| 5:39 | Create | Villager (Male) |
| 5:40 | Create | Villager (Male) |
| 6:19 | Create | Villager (Male) |
| 6:31 | Research | Loom |
| 6:31 | Create | Villager (Male) |
| 6:31 | Create | Villager (Male) |
| 6:52 | Build | House |
| 6:57 | Build | House |
| 7:13 | Create | Villager (Male) |
| 7:13 | Create | Villager (Male) |
| 7:49 | Build | House |
| 8:10 | Create | Villager (Male) |
| 8:28 | Build | House |
| 8:41 | Build | Barracks |
| 9:10 | Research | Feudal Age |
| 9:14 | Build | Mill |
| 10:09 | Create | Villager (Male) |
| 10:10 | Create | Villager (Male) |
| 11:21 | Build | Mill |
| 11:22 | Age | Feudal Age |
| 11:35 | Create | Villager (Male) |
| 11:39 | Research | Double-Bit Axe |
| 12:04 | Create | Villager (Male) |
| 12:38 | Create | Villager (Male) |
| 12:45 | Build | Market |
| 12:50 | Build | Blacksmith |
| 12:54 | Build | House |
| 12:57 | Create | Villager (Male) |
| 13:41 | Create | Villager (Male) |
| 14:00 | Create | Villager (Male) |
| 14:46 | Research | Castle Age |
| 15:08 | Build | Lumber Camp |
| 15:11 | Research | Horse Collar |
| 15:58 | Build | Mining Camp |
| 16:38 | Research | Gold Mining |
| 16:44 | Create | Spearman |
| 16:44 | Create | Spearman |
| 16:57 | Build | Mining Camp |
| 17:26 | Age | Castle Age |
| 17:30 | Create | Villager (Male) |
| 17:31 | Create | Villager (Male) |
| 17:31 | Create | Villager (Male) |
| 17:34 | Research | Heavy Plow |
| 17:43 | Build | Monastery |
| 17:52 | Create | Villager (Male) |
| 18:01 | Build | Town Center |
| 18:04 | Create | Villager (Male) |
| 18:06 | Create | Villager (Male) |
| 18:17 | Build | Farm |
| 18:17 | Build | Farm |
| 18:17 | Build | Farm |
| 18:18 | Build | Farm |
| 18:18 | Build | Farm |
| 18:18 | Build | Farm |
| 18:20 | Build | Farm |
| 18:21 | Build | Farm |
| 18:21 | Build | Farm |
| 18:21 | Build | Farm |
| 18:22 | Build | Farm |
| 18:22 | Build | Farm |
| 18:24 | Create | Monk |
| 18:35 | Create | Spearman |
| 19:25 | Create | Villager (Male) |
| 19:25 | Create | Villager (Male) |
| 19:26 | Create | Villager (Male) |
| 19:26 | Create | Villager (Male) |
| 19:33 | Research | Fervor |
| 20:09 | Create | Monk |
| 20:10 | Create | Villager (Male) |
| 20:11 | Create | Villager (Male) |
| 20:15 | Build | Farm |
| 20:18 | Build | Farm |
| 20:26 | Research | Bow Saw |
| 20:44 | Build | Town Center |
| 20:46 | Create | Villager (Male) |
| 20:50 | Build | Farm |
| 20:52 | Build | Farm |
| 20:59 | Build | Farm |
| 21:16 | Create | Villager (Male) |
| 21:17 | Create | Villager (Male) |
| 21:39 | Create | Villager (Male) |
| 21:40 | Create | Villager (Male) |
| 21:50 | Build | Stable |
| 22:02 | Create | Villager (Male) |
| 22:03 | Create | Villager (Male) |
| 22:07 | Build | Farm |
| 22:12 | Build | Farm |
| 22:12 | Build | Farm |
| 22:13 | Build | Farm |
| 22:13 | Build | Farm |
| 22:13 | Build | Farm |
| 22:13 | Build | Farm |
| 22:14 | Build | Farm |
| 22:15 | Build | Farm |
| 22:16 | Build | Farm |
| 22:20 | Build | Farm |
| 22:35 | Create | Knight |
| 22:39 | Create | Villager (Male) |
| 22:40 | Create | Villager (Male) |
| 22:45 | Build | Farm |
| 22:49 | Build | House |
| 22:50 | Build | House |
| 22:53 | Build | House |
| 23:10 | Create | Knight |
| 23:12 | Create | Villager (Male) |
| 23:13 | Create | Villager (Male) |
| 23:14 | Create | Villager (Male) |
| 23:15 | Create | Villager (Male) |
| 23:23 | Build | Farm |
| 23:24 | Create | Villager (Male) |
| 23:30 | Create | Knight |
| 23:38 | Create | Villager (Male) |
| 23:39 | Create | Villager (Male) |
| 23:46 | Build | Farm |
| 24:05 | Create | Villager (Male) |
| 24:05 | Create | Villager (Male) |
| 24:06 | Create | Villager (Male) |
| 24:06 | Create | Villager (Male) |
| 24:31 | Create | Villager (Male) |
| 24:32 | Create | Villager (Male) |
| 24:33 | Create | Villager (Male) |
| 24:36 | Build | Farm |
| 24:43 | Create | Villager (Male) |
| 24:44 | Create | Villager (Male) |
| 24:44 | Create | Villager (Male) |
| 24:47 | Build | Farm |
| 25:09 | Create | Villager (Male) |
Build order — Solinaj
First 150 of 234 actions detected
| 0:22 | Build | House |
| 0:24 | Build | House |
| 0:25 | Build | House |
| 0:26 | Build | House |
| 1:18 | Research | Loom |
| 1:19 | Create | Villager (Male) ×4 |
| 2:47 | Create | Villager (Male) |
| 3:48 | Create | Villager (Male) |
| 4:14 | Create | Villager (Male) |
| 4:35 | Create | Villager (Male) ×2 |
| 5:03 | Create | Villager (Male) |
| 5:35 | Create | Villager (Male) ×2 |
| 6:16 | Create | Villager (Male) |
| 7:16 | Build | Mill |
| 7:20 | Create | Villager (Male) ×3 |
| 7:56 | Build | Lumber Camp |
| 8:09 | Create | Villager (Male) ×3 |
| 8:09 | Create | Villager (Male) ×3 |
| 10:15 | Create | Villager (Male) ×3 |
| 10:51 | Build | House |
| 10:52 | Build | House |
| 10:55 | Build | House |
| 10:56 | Build | House |
| 10:57 | Build | House |
| 10:59 | Build | House |
| 11:13 | Build | Farm |
| 11:22 | Create | Villager (Male) ×3 |
| 11:38 | Build | Farm |
| 11:48 | Create | Villager (Male) ×4 |
| 12:24 | Build | Farm |
| 12:53 | Build | Farm |
| 13:03 | Build | Farm |
| 13:04 | Build | Farm |
| 13:07 | Build | Farm |
| 13:09 | Build | Farm |
| 13:28 | Build | Mining Camp |
| 13:39 | Build | Farm |
| 13:50 | Build | Farm |
| 13:54 | Build | Farm |
| 14:34 | Build | Farm |
| 14:49 | Build | Farm |
| 14:55 | Research | Feudal Age |
| 15:02 | Create | Villager (Male) ×2 |
| 15:32 | Build | Lumber Camp |
| 15:47 | Create | Villager (Male) ×4 |
| 16:32 | Create | Villager (Male) ×4 |
| 17:05 | Age | Feudal Age |
| 17:21 | Build | Blacksmith |
| 17:35 | Build | Market |
| 18:09 | Build | Barracks |
| 18:23 | Research | Double-Bit Axe |
| 18:28 | Research | Wheelbarrow |
| 18:32 | Research | Horse Collar |
| 18:45 | Build | Farm |
| 18:57 | Build | Farm |
| 19:07 | Research | Padded Archer Armor |
| 19:08 | Research | Fletching |
| 19:34 | Build | Archery Range |
| 19:37 | Build | Archery Range |
| 20:17 | Research | Man-at-Arms (upgrade) |
| 20:18 | Research | Arson |
| 20:33 | Build | Mining Camp |
| 20:45 | Build | Archery Range |
| 21:22 | Create | Trade Cart ×3 |
| 21:39 | Create | Archer ×5 |
| 21:39 | Create | Archer ×2 |
| 21:47 | Research | Castle Age |
| 21:54 | Build | Farm |
| 22:24 | Build | Stone Wall |
| 24:36 | Research | Stone Mining |
| 24:37 | Research | Gold Mining |
| 25:10 | Age | Castle Age |
| 25:51 | Build | Town Center |
| 26:03 | Build | Town Center |
| 26:20 | Create | Villager (Male) ×5 |
| 26:21 | Create | Villager (Male) ×5 |
| 26:21 | Create | Villager (Male) ×5 |
| 26:28 | Research | Crossbowman (upgrade) |
| 26:32 | Research | Squires |
| 26:33 | Research | Long Swordsman (upgrade) |
| 26:39 | Research | Leather Archer Armor |
| 26:50 | Create | Trade Cart ×2 |
| 27:06 | Build | Stone Wall |
| 27:21 | Research | Bodkin Arrow |
| 27:28 | Create | Archer ×5 |
| 27:56 | Create | Villager (Male) ×5 |
| 28:43 | Build | House |
| 28:44 | Build | House |
| 28:46 | Build | House |
| 28:47 | Build | House |
| 28:48 | Build | House |
| 28:50 | Build | House |
| 28:53 | Build | House |
| 28:55 | Build | House |
| 28:57 | Build | House |
| 29:10 | Research | Bow Saw |
| 29:24 | Build | Farm |
| 29:26 | Create | Villager (Male) ×5 |
| 29:27 | Create | Villager (Male) |
| 29:27 | Create | Villager (Male) |
| 29:43 | Build | Lumber Camp |
| 29:54 | Build | Town Center |
| 30:29 | Build | Farm |
| 30:47 | Create | Villager (Male) ×5 |
| 30:48 | Create | Villager (Male) ×4 |
| 30:58 | Create | Trade Cart ×5 |
| 30:58 | Create | Trade Cart |
| 31:07 | Build | Farm |
| 31:21 | Build | Farm |
| 31:39 | Research | Stone Shaft Mining |
| 31:49 | Build | Farm |
| 31:53 | Create | Villager (Male) ×5 |
| 32:37 | Build | Stone Wall |
| 32:56 | Build | Stone Wall |
| 33:04 | Build | Stone Wall |
| 33:21 | Build | Farm |
| 33:23 | Build | Farm |
| 33:26 | Build | Farm |
| 34:30 | Build | Stone Wall |
| 34:46 | Build | Castle |
| 34:47 | Build | Castle |
| 34:59 | Research | Thumb Ring |
| 35:17 | Build | Archery Range |
| 35:18 | Build | Archery Range |
| 35:19 | Build | Archery Range |
| 35:20 | Build | Archery Range |
| 35:21 | Build | Archery Range |
| 35:44 | Build | Farm |
| 35:51 | Research | Caravan |
| 35:53 | Research | Coinage |
| 36:35 | Research | Scale Barding Armor |
| 36:36 | Research | Scale Mail Armor |
| 36:36 | Research | Forging |
| 36:43 | Research | Elite Skirmisher (upgrade) |
| 37:59 | Research | Chain Barding Armor |
| 38:03 | Research | Gold Shaft Mining |
| 38:20 | Build | Stable |
| 38:21 | Build | Stable |
| 38:22 | Build | Stable |
| 38:23 | Build | Stable |
| 38:25 | Build | Stable |
| 38:31 | Research | Royal Heirs |
| 38:35 | Create | Shotel Warrior ×5 |
| 38:35 | Create | Shotel Warrior ×5 |
| 38:35 | Create | Shotel Warrior ×4 |
| 38:36 | Create | Shotel Warrior ×4 |
| 38:56 | Create | Villager (Male) ×5 |
| 38:57 | Create | Villager (Male) ×5 |
| 38:57 | Create | Villager (Male) ×5 |
| 39:03 | Create | Trade Cart ×5 |
Match timeline
| 8:41 | JustShubYT · first_building Barracks |
| 10:08 | jean-danie1 · first_building Barracks |
| 10:33 | lord endarin · age_up feudal |
| 11:08 | owinso · age_up feudal |
| 11:22 | Hillary.Clinton · age_up feudal |
| 11:22 | JustShubYT · age_up feudal |
| 11:23 | sanma · age_up feudal |
| 12:11 | jean-danie1 · age_up feudal |
| 12:56 | Goeki · first_building Barracks |
| 14:04 | JustShubYT · first_market_sell 100 food |
| 14:31 | lord endarin · age_up castle |
| 15:07 | sanma · age_up castle |
| 15:07 | owinso · age_up castle |
| 15:28 | owinso · first_building Monastery |
| 15:44 | Goeki · age_up feudal |
| 16:02 | jean-danie1 · first_market_sell 100 wood |
| 16:05 | jean-danie1 · first_market_buy 100 food |
| 16:44 | owinso · first_building Castle |
| 16:57 | lord endarin · first_market_buy 100 food |
| 17:05 | Solinaj · age_up feudal |
| 17:11 | owinso · first_market_buy 100 food |
| 17:26 | JustShubYT · age_up castle |
| 17:43 | JustShubYT · first_building Monastery |
| 18:09 | Solinaj · first_building Barracks |
| 18:11 | jean-danie1 · age_up castle |
| 18:56 | jean-danie1 · first_building Castle |
| 19:34 | Solinaj · first_building Archery Range |
| 19:52 | Hillary.Clinton · age_up castle |
| 20:14 | Goeki · first_market_buy 500 food |
| 20:24 | JustShubYT · first_market_buy 100 food |
| 21:45 | jean-danie1 · first_building Stable |
| 21:50 | JustShubYT · first_building Stable |
| 22:24 | Solinaj · wall_segment Stone Wall x19 |
| 23:00 | Goeki · age_up castle |
| 24:01 | Goeki · first_building Castle |
| 24:54 | lord endarin · first_building Monastery |
| 25:10 | Solinaj · age_up castle |
| 25:15 | sanma · first_building Barracks |
| 26:01 | lord endarin · first_market_sell 100 food |
| 26:02 | JustShubYT · first_building Castle |
| 26:17 | sanma · first_building Stable |
| 26:33 | Hillary.Clinton · first_building Barracks |
| 26:43 | sanma · first_building Monastery |
| 26:52 | Goeki · first_building Monastery |
| 27:05 | lord endarin · first_building Castle |
| 27:06 | Solinaj · wall_segment Stone Wall x11 |
| 27:46 | lord endarin · first_building Barracks |
| 27:54 | Goeki · first_building Siege Workshop |
| 28:14 | Hillary.Clinton · first_building Castle |
| 28:20 | lord endarin · first_building Siege Workshop |
| 28:31 | Hillary.Clinton · first_building Stable |
| 28:42 | sanma · first_building Castle |
| 28:58 | lord endarin · first_building Stable |
| 29:31 | lord endarin · age_up imperial |
| 30:09 | jean-danie1 · age_up imperial |
| 31:18 | sanma · age_up imperial |
| 32:37 | Solinaj · wall_segment Stone Wall x32 |
| 32:56 | Solinaj · wall_segment Stone Wall x6 |
| 33:04 | Solinaj · wall_segment Stone Wall x6 |
| 33:08 | Hillary.Clinton · age_up imperial |
| 33:17 | owinso · first_building Barracks |
| 33:41 | JustShubYT · age_up imperial |
| 34:30 | Solinaj · wall_segment Stone Wall x22 |
| 34:46 | Solinaj · first_building Castle |
| 34:51 | sanma · first_building Siege Workshop |
| 35:11 | owinso · first_building Stable |
| 35:34 | owinso · first_building Archery Range |
| 36:00 | owinso · age_up imperial |
| 36:47 | Hillary.Clinton · wall_segment Stone Wall x1 |
| 37:06 | Hillary.Clinton · wall_segment Stone Wall x63 |
| 38:20 | Solinaj · first_building Stable |
| 40:00 | Solinaj · first_building Monastery |
| 40:06 | JustShubYT · first_building Siege Workshop |
| 43:04 | owinso · wall_segment Stone Wall x1 |
| 46:16 | lord endarin · tribute_sent a jugador 1 |
| 46:16 | lord endarin · tribute_sent a jugador 2 |
| 46:16 | lord endarin · tribute_sent a jugador 3 |
| 46:16 | lord endarin · tribute_sent a jugador 4 |
| 46:16 | lord endarin · tribute_sent a jugador 5 |
| 46:16 | lord endarin · tribute_sent a jugador 7 |
| 46:16 | lord endarin · tribute_sent a jugador 8 |
| 47:26 | Solinaj · first_building Siege Workshop |
| 48:11 | Goeki · age_up imperial |
| 51:20 | sanma · first_market_sell 500 food |
| 51:41 | Goeki · resign |
[ AI ANALYSIS · 1 CREDIT ]
What really happened in this match?
Wolo.gg analyzes every decision: build order, eco, micro, common mistakes by bracket. Personalized analysis on WhatsApp or Discord in 30 seconds.
Civ guide
Byzantines
Perfil
lord endarin